 Dungeon Crawl Stone Soup version 0.23.2-1-ga50397a6bc (webtiles) character file.

Game seed: 17800705448454025457

131763 Peloso the Peltast (level 16, -1/149 HPs)
             Began as a Minotaur Fighter on Apr 25, 2019.
             Was the Champion of Okawaru.
             Hit by a large rock thrown by Polyphemus (21 damage)
             ... on level 2 of the Shoals.
             The game lasted 01:35:22 (30942 turns).

Peloso the Peltast (Minotaur Fighter)              Turns: 30942, Time: 01:35:23

Health: -1/149     AC: 21    Str: 36    XL:     16   Next: 56%
Magic:  17/17      EV: 17    Int:  7    God:    Okawaru [******]
Gold:   2838       SH: 18    Dex: 21    Spells: 15/15 levels left

rFire    + + +     SeeInvis +   a - +7 double sword "Axoemp" {flame, *Rage *Noise Int+5 Dex+8}
rCold    . . .     Gourm    .   c - +0 shield {rC+ rF+}
rNeg     + . .     Faith    +   l - +5 fire dragon scales of the Invisible Hand {rF++ rC- Str+4}
rPois    +         Spirit   .   R - +2 hat "Gantafy" {rPois Stlth+}
rElec    +         Reflect  .   I - +1 cloak {MR+}
rCorr    .         Harm     .   t - +0 pair of gloves of Light {rElec MR+ Str+7 Int-3}
MR       +++..     Rnd*Rage +   Y - +0 pair of boots {Stlth+}
Stlth    ++++......             q - amulet of faith
HPRegen  0.34/turn              M - ring of Ideudid {rElec rN+ EV+1}
MPRegen  0.15/turn              n - ring of see invisible

@: very slightly contaminated
A: retaliatory headbutt, horns 2, deformed body
a: Heroism, Finesse, Renounce Religion


You were on level 2 of the Shoals.
You worshipped Okawaru.
Okawaru was exalted by your worship.
You were near starving.

You visited 4 branches of the dungeon, and saw 25 of its levels.
You also visited: Volcano.

You collected 3282 gold pieces.
You spent 444 gold pieces at shops.

Inventory:

Hand Weapons
 a - the +7 double sword "Axoemp" (weapon) {flame, *Rage *Noise Int+5 Dex+8}
   (Okawaru gifted it to you on level 13 of the Dungeon)

   It has been specially enchanted to burn those struck by it, causing extra
   injury to most foes and up to half again as much damage against particularly
   susceptible opponents.
   Big, fiery blades are also staple armaments of hydra-hunters.
   It affects your intelligence (+5).
   It affects your dexterity (+8).
   It may make noises in combat.
   It may make you go berserk in combat.
 b - a +0 double sword of holy wrath
 j - a +1 demon blade of electrocution
 k - a +3 scimitar of flaming
 s - a +2 double sword of protection
 u - the +10 triple sword of Laceration {speed, rF+++ rN+ Str-3 Int+6, unknown}
   (Okawaru gifted it to you on level 15 of the Dungeon)

   Attacks with this weapon are significantly faster.
   It affects your strength (-3).
   It affects your intelligence (+6).
   It renders you almost immune to fire.
   It protects you from negative energy.
Armour
 c - a +0 shield of resistance (worn)
 l - the +5 fire dragon scales of the Invisible Hand (worn) {rF++ rC- Str+4}
   (You found it in a volcano)

   It affects your strength (+4).
   It greatly protects you from fire.
   It makes you vulnerable to cold.
 p - a +2 pair of gloves of dexterity
 t - the +0 pair of gloves of Light (worn) {rElec MR+ Str+7 Int-3}
   (You bought it in a shop on level 2 of the Orcish Mines)

   It affects your strength (+7).
   It affects your intelligence (-3).
   It insulates you from electricity.
   It affects your resistance to hostile enchantments.
 I - a +1 cloak of magic resistance (worn)
 R - the +2 hat "Gantafy" (worn) {rPois Stlth+}
   (Okawaru gifted it to you on level 12 of the Dungeon)

   It protects you from poison.
   It makes you more stealthy.
 Y - a +0 pair of boots of stealth (worn)
Jewellery
 n - a ring of see invisible (right hand)
 q - an amulet of faith (around neck)
 D - an uncursed ring of resist corrosion
 H - an uncursed ring of protection from cold
 J - an uncursed ring of protection from fire
 M - the ring of Ideudid (left hand) {rElec rN+ EV+1}
   (You found it on level 11 of the Dungeon)

   [ring of evasion]

   It affects your evasion (+1).
   It insulates you from electricity.
   It protects you from negative energy.
 T - an uncursed ring of ice
 U - an uncursed ring of protection from fire
Wands
 r - a wand of paralysis (8)
 E - a wand of random effects (18)
 F - a wand of digging (9)
Scrolls
 g - 6 scrolls of teleportation
 i - 2 scrolls of identify
 w - 15 scrolls of remove curse
 x - 4 scrolls of magic mapping
 y - a scroll of noise
 B - a scroll of fog
 C - 2 scrolls of amnesia
 G - 2 scrolls of silence
 K - 2 scrolls of fear
 L - a scroll of blinking
Potions
 d - 2 potions of might
 e - 10 potions of curing
 h - 3 potions of mutation
 m - 3 potions of resistance
 o - 2 potions of berserk rage
 v - 4 potions of heal wounds
 z - 2 potions of flight
 A - 7 potions of agility
 S - a potion of haste
Comestibles
 f - 40 rations


   Skills:
 + Level 15.5 Fighting
 + Level 18.5 Long Blades
 + Level 13.9 Armour
 + Level 7.3 Dodging
 + Level 4.5 Stealth
 + Level 18.6 Shields
 + Level 3.5 Invocations
 + Level 0.9 Evocations


You had 15 spell levels left.
You didn't know any spells.
Your spell library contained the following spells:

 Spells                   Type           Power        Failure   Level  Hunger
 Animate Skeleton         Necr           N/A          63%         1    ##.....
 Apportation              Tloc           #.....       63%         1    ##.....
 Beastly Appendage        Tmut           #.....       63%         1    ##.....
 Confusing Touch          Hex            #.....       63%         1    ##.....
 Corona                   Hex            #......      63%         1    ##.....
 Flame Tongue             Conj/Fire      #....        63%         1    ##.....
 Freeze                   Ice            #...         63%         1    ##.....
 Magic Dart               Conj           #...         63%         1    ##.....
 Sandblast                Erth           #.....       63%         1    ##.....
 Shock                    Conj/Air       #...         63%         1    ##.....
 Summon Small Mammal      Summ           #...         63%         1    ##.....
 Blink                    Tloc           N/A          77%         2    ###....
 Call Imp                 Summ           #.......     77%         2    ###....
 Ensorcelled Hibernation  Hex/Ice        #.....       77%         2    ###....
 Passwall                 Tmut/Erth      #.......     77%         2    ###....
 Searing Ray              Conj           #.....       77%         2    ###....
 Slow                     Hex            #.......     77%         2    ###....
 Sticks to Snakes         Tmut           #.......     77%         2    ###....
 Swiftness                Chrm/Air       #.......     77%         2    ###....
 Throw Flame              Conj/Fire      #.....       77%         2    ###....
 Throw Frost              Conj/Ice       #.....       77%         2    ###....
 Confuse                  Hex            #.......     94%         3    ####...
 Conjure Flame            Conj/Fire      #.......     94%         3    ####...
 Dazzling Spray           Conj/Hex       #.....       94%         3    ####...
 Inner Flame              Hex/Fire       #.......     94%         3    ####...
 Mephitic Cloud           Conj/Pois/Air  #.......     94%         3    ####...
 Ozocubu's Armour         Chrm/Ice       #.......     94%         3    ####...
 Spider Form              Tmut/Pois      #.........   94%         3    ####...
 Static Discharge         Conj/Air       #.......     94%         3    ####...
 Stone Arrow              Conj/Erth      #.....       94%         3    ####...
 Tukima's Dance           Hex            #.......     94%         3    ####...
 Airstrike                Air            #.........   100%        4    #####..
 Force Lance              Conj/Tloc      #.......     100%        4    #####..
 Fulminant Prism          Conj/Hex       #.........   100%        4    #####..
 Ice Form                 Ice/Tmut       #.......     100%        4    #####..
 Iskenderun's Mystic Bla  Conj           #.......     100%        4    #####..
 Petrify                  Tmut/Erth      #.......     100%        4    #####..
 Sticky Flame             Conj/Fire      #.......     100%        4    #####..
 Summon Ice Beast         Ice/Summ       #.......     100%        4    #####..
 Throw Icicle             Conj/Ice       #.......     100%        4    #####..
 Alistair's Intoxication  Tmut/Pois      #.......     100%        5    ######.
 Blade Hands              Tmut           #.........   100%        5    ######.
 Fireball                 Conj/Fire      #.........   100%        5    ######.
 Irradiate                Conj/Tmut      #.........   100%        5    ######.
 Lee's Rapid Deconstruct  Erth           #.........   100%        5    ######.
 Lightning Bolt           Conj/Air       #.........   100%        5    ######.
 Hydra Form               Tmut           #.........   100%        6    #######
 Ozocubu's Refrigeration  Ice            #.........   100%        6    #######
 Statue Form              Tmut/Erth      #........    100%        6    #######
 Dragon Form              Tmut           #.........   100%        7    #######


Dungeon Overview and Level Annotations

Branches:
Dungeon (15/15)            Temple (0/1) D:5            Lair (6/6) D:11
 Shoals (2/4) Lair:2       Spider (0/4) Lair:3        Slime (0/5) Lair:6
    Orc (2/2) D:11            Elf (0/3) Orc:2        Vaults (0/5) D:14
 Depths (0/5) D:15

Altars:
Cheibriados
Gozag
Hepliaklqana
Nemelex Xobeh
Okawaru
Qazlal
Sif Muna
Uskayaw
Xom
Zin
Beogh

Shops:
D:7 *   D:14 !   Orc:1 %   Orc:2 }!:%*

Annotations:
Shoals:2 Polyphemus


Innate Abilities, Weirdness & Mutations

You reflexively headbutt those who attack you in melee.
You have a pair of horns on your head.
Armour fits poorly on your strangely shaped body.


Message History

The merfolk avatar chants a haunting song.
You resist with some effort.
Shadowy forms rise from the deep at the merfolk avatar's song!
The merfolk avatar chants a haunting song.
You resist with almost no effort.
The merfolk avatar chants a haunting song.
You resist with almost no effort.
You enter the shallow water.
Moving in this stuff is going to be slow.
The merfolk avatar chants a haunting song.
You resist with almost no effort. You block the drowned soul's attack.
The merfolk avatar chants a haunting song.
You resist with almost no effort. The drowned soul touches you.
The drowned soul drowns you!
* * * LOW HITPOINT WARNING * * *
You recover from your berserk rage.
The shadowy forms in the deep grow still as others approach.
Polyphemus throws a large rock.
The large rock hits you!!
You die...

≈≈≈..##.≈≈≈≈≈≈≈≈≈≈..## ##..≈..##
≈)≈.###..≈≈≈≈≈≈≈≈≈[..# ##.....#
≈≈≈.# ##.C≈≈≈≈≈≈≈≈≈..###.....##
≈≈≈.# ##.m≈≈≈≈≈W≈≈≈......##..#
≈≈..# #..≈≈≈≈≈≈≈≈≈≈≈..≈≈.##.##
≈≈..####.≈≈≈≈≈≈≈≈≈≈≈≈≈≈≈...##
≈≈≈..###.≈≈≈≈....≈≈≈≈≈≈≈≈...##
≈≈≈≈.>.[..≈..)W..≈≈≈≈≈≈≈≈....###
≈≈≈≈≈...###.....@....≈≈≈.........
≈≈≈≈≈≈..###..#####.........≈≈....
≈≈≈≈≈≈≈..###.# ##.###....≈≈≈..≈≈
≈≈≈≈≈≈≈≈.##.## #..# #.<..≈≈≈≈≈≈≈
≈≈≈≈≈≈≈..##### ##..##....≈≈≈≈≈≈≈≈
≈≈≈≈.....##..###....##.≈≈≈≈≈≈≈≈≈≈
≈≈≈≈≈≈≈≈...........###.≈≈≈≈≈≈≈≈≈≈
≈≈≈≈≈≈.......≈..≈≈...#.≈≈≈≈≈≈.#.
≈≈≈≈≈≈≈≈...≈≈≈≈≈≈≈≈....≈≈≈≈≈≈##


You could see Polyphemus, a merfolk avatar and 2 drowned souls.

Vanquished Creatures
  2 orc warlords
  A vampire knight (D:12)
  Nessos (D:13)
  The ghost of Vig Uhad the Martial Artist, a journeyman OpTm of Cheibriados (Lair:5)
  Josephine (D:14)
  A merfolk impaler (Shoals:2)
  2 yaktaur captains (D:15)
  2 ettins
  Erolcha (D:12)
  9 hydras
  6 centaur warriors
  A merfolk avatar (Shoals:2)
  The ghost of Cerr the Covert, a journeyman FeWr of Jiyva (Lair:5)
  A satyr (Shoals:2)
  2 death knights
  5 two-headed ogres
  8 death yaks
  4 orc high priests
  A fire crab (Lair:6)
  Nergalle (D:12)
  2 skeletal warriors
  6 unseen horrors
  5 sea snakes
  A wizard (D:14)
  2 lindwurms (Volcano)
  A necromancer (D:14)
  8 harpies (Shoals:2)
  A wolf spider zombie (D:15)
  7 orc knights
  A salamander (shapeshifter) (D:14)
  7 orc sorcerers
  2 deep elf magi
  4 oklob plants (Lair:5)
  9 fauns
  6 manticores
  6 ugly things
  5 cyclopes
  12 elephants
  Maurice (D:10)
  6 merfolk sirens
  2 black mambas
  Joseph (D:7)
  3 molten gargoyles (Volcano)
  Psyche (D:11)
  A water nymph (Shoals:1)
  14 spiny frogs
  A redback zombie (D:15)
  3 kobold demonologists (D:14)
  7 yaktaurs
  11 komodo dragons
  5 freezing wraiths
  3 efreet
  A queen bee (D:8)
  7 trolls
  4 jumping spiders (Lair:3)
  6 polar bears
  8 merfolk
  6 hornets (Lair:6)
  4 slime creatures (D:15)
  2 dream sheep (Lair:6)
  9 hippogriffs
  5 snapping turtles
  17 blink frogs
  13 spriggans (Lair:6)
  4 shadows
  5 water elementals
  Sigmund (D:5)
  2 wyverns
  20 yaks
  8 wraiths
  3 fire elementals (Volcano)
  A vampire (D:11)
  3 hungry ghosts
  A steam dragon (D:8)
  8 vampire mosquitoes
  A soldier ant (D:13)
  8 wargs
  3 acid dragons
  11 water moccasins
  10 porcupines
  Duvessa (D:5)
  32 orc warriors
  5 ice beasts
  6 sky beasts
  2 hornet zombies
  3 phantoms
  34 wolves
  4 boggarts (Lair:6)
  5 black bears
  12 centaurs
  3 eyes of draining (D:12)
  11 ogres
  11 crocodiles
  2 big kobolds
  29 bullfrogs
  2 gnoll sergeants
  3 earth elementals (Volcano)
  3 wyvern skeletons
  3 scorpions
  Dowan (D:5)
  20 killer bees
  19 wights
  An electric eel (D:11)
  3 howler monkeys
  2 centaur zombies
  7 crimson imps
  13 hounds
  25 orc priests
  2 bullfrog skeletons
  7 jellies
  6 iguanas
  4 centaur skeletons
  21 orc wizards
  12 worker ants
  A hound zombie (D:11)
  3 hound skeletons
  3 worker ant zombies
  2 howler monkey skeletons
  14 adders
  15 gnolls
  5 shadow imps
  A white imp (D:9)
  3 oozes
  An adder skeleton (D:7)
  3 worms
  3 dart slugs
  10 leopard geckos
  79 orcs
  2 ball pythons
  7 giant cockroaches
  10 goblins
  9 hobgoblins
  16 jackals
  6 quokkas (D:3)
  8 bats
  11 frilled lizards
  12 kobolds
  A leopard gecko zombie (D:6)
  11 rats
  10 plants
926 creatures vanquished.

Vanquished Creatures (others)
  A death yak (Lair:6)
  3 blink frogs (Lair:6)
  A jelly (D:9)
  A fire vortex (Volcano)
  2 fungi
  12 plants
20 creatures vanquished.

Grand Total: 946 creatures vanquished

Notes
Turn   | Place    | Note
-------+----------+-------------------------------------------
     0 | D:1      | Peloso the Minotaur Fighter began the quest for the Orb.
     0 | D:1      | Reached XP level 1. HP: 19/19 MP: 0/0
   127 | D:1      | Reached XP level 2. HP: 27/27 MP: 1/1
   422 | D:1      | Reached XP level 3. HP: 33/33 MP: 2/2
   815 | D:2      | Reached XP level 4. HP: 34/40 MP: 3/3
  1456 | D:2      | Reached XP level 5. HP: 47/47 MP: 4/4
  1834 | D:3      | Reached skill level 5 in Shields
  1940 | D:3      | Found a snail-covered altar of Cheibriados.
  1967 | D:3      | Found a hide-covered altar of Uskayaw.
  2038 | D:3      | Found a stormy altar of Qazlal.
  2261 | D:3      | Found an iron altar of Okawaru.
  2285 | D:3      | Became a worshipper of Warmaster Okawaru
  2663 | D:3      | Reached skill level 1 in Dodging
  2663 | D:3      | Reached XP level 6. HP: 53/53 MP: 5/5
  3013 | D:4      | Reached skill level 5 in Long Blades
  3377 | D:4      | Reached skill level 5 in Armour
  3404 | D:4      | Reached skill level 5 in Fighting
  3404 | D:4      | Reached XP level 7. HP: 17/61 MP: 6/6
  3808 | D:4      | Reached * piety under Okawaru
  4058 | D:4      | Found an opulent altar of Gozag.
  4137 | D:5      | Entered Level 5 of the Dungeon
  4144 | D:5      | Found an opulent altar of Gozag.
  4248 | D:5      | Found Natunips's Food Shoppe.
  4312 | D:5      | Found a hazy altar of Hepliaklqana.
  4472 | D:5      | Noticed Sigmund
  4479 | D:5      | Killed Sigmund
  4527 | D:5      | Found a shimmering altar of Xom.
  4533 | D:5      | Noticed Dowan
  4542 | D:5      | Killed Dowan
  4542 | D:5      | Reached XP level 8. HP: 64/70 MP: 7/7
  4544 | D:5      | Noticed Duvessa
  4562 | D:5      | Killed Duvessa
  4869 | D:5      | Found a staircase to the Ecumenical Temple.
  5087 | D:6      | Reached ** piety under Okawaru
  6126 | D:7      | Reached XP level 9. HP: 76/78 MP: 8/8
  6383 | D:7      | Found Zin's Purification Station.
  6386 | D:7      | Found a glowing silver altar of Zin.
  6470 | D:7      | Noticed Joseph
  6486 | D:7      | Killed Joseph
  6486 | D:7      | Reached *** piety under Okawaru
  6614 | D:7      | Found a runed translucent door.
  6614 | D:7      | Found a runed translucent door.
  6615 | D:7      | Found a runed translucent door.
  6640 | D:7      | Reached **** piety under Okawaru
  6640 | D:7      | Received a gift from Okawaru
  6753 | D:7      | Found a glowing silver altar of Zin.
  6866 | D:7      | Reached skill level 10 in Long Blades
  7503 | D:8      | Reached skill level 1 in Invocations
  7641 | D:8      | Noticed a red ugly thing
  7658 | D:8      | Killed a red ugly thing
  7659 | D:8      | Reached XP level 10. HP: 86/86 MP: 6/9
  7794 | D:8      | Identified the +12 quarterstaff "Zixtyub" {crush, rC+ Int+7
                  | Dex-4}
  7905 | D:8      | Noticed a two-headed ogre
  7921 | D:8      | Killed a two-headed ogre
  8138 | D:8      | Reached ***** piety under Okawaru
  8189 | D:8      | Reached skill level 10 in Shields
  8732 | D:9      | Received a gift from Okawaru
  8751 | D:9      | Noticed a two-headed ogre
  8781 | D:8      | Killed a two-headed ogre
  8915 | D:9      | Reached XP level 11. HP: 80/95 MP: 11/11
  8998 | D:9      | Received a gift from Okawaru
  9173 | D:9      | Found a deep blue altar of Sif Muna.
  9242 | D:10     | Entered Level 10 of the Dungeon
  9594 | D:10     | Reached skill level 10 in Armour
 10032 | D:11     | Noticed Maurice
 10366 | D:10     | Killed Maurice
 10600 | D:11     | Found a staircase to the Orcish Mines.
 10840 | D:11     | Got a twitching jade ring
 10842 | D:11     | Identified the ring of Ideudid {rElec rN+ EV+1} (You found
                  | it on level 11 of the Dungeon)
 10905 | D:11     | Found a staircase to the Lair.
 10930 | D:11     | Noticed Psyche
 10936 | D:11     | Killed Psyche
 11522 | D:7      | Noticed an unseen horror
 11551 | D:7      | Noticed a red ugly thing
 11603 | D:7      | Killed an unseen horror
 11603 | D:7      | Received a gift from Okawaru
 11612 | D:7      | Killed a red ugly thing
 11655 | D:7      | Noticed a two-headed ogre
 11674 | D:7      | Killed a two-headed ogre
 11932 | D:7      | Got a glittering steel ring
 11934 | D:7      | Lost intelligence.
 11934 | D:7      | Identified the ring "Fopi" {+Blink +Fly MR++ Int-5 Stlth+}
                  | (You found it on level 7 of the Dungeon)
 11942 | D:7      | Got a shimmering steel ring
 11945 | D:7      | Identified the ring of Disaster {Ice MR+ Int+8} (You found
                  | it on level 7 of the Dungeon)
 11966 | D:7      | Got a coiled granite ring
 11968 | D:7      | Identified the ring "Cuax" {rElec MR+ Str-5 Int+4 SInv}
                  | (You found it on level 7 of the Dungeon)
 11971 | D:7      | Got a steaming tin amulet
 11972 | D:7      | Identified the amulet of the City {Spirit MR+} (You found
                  | it on level 7 of the Dungeon)
 12175 | Lair:1   | Entered Level 1 of the Lair of Beasts
 12298 | Lair:1   | Reached XP level 12. HP: 96/106 MP: 12/12
 12372 | Lair:1   | Noticed a five-headed hydra
 12445 | D:12     | Received a gift from Okawaru
 12455 | D:12     | Got an ichor-stained hat {god gift}
 12461 | D:12     | Identified the +2 hat "Gantafy" {rPois Stlth+} (Okawaru
                  | gifted it to you on level 12 of the Dungeon)
 12497 | D:12     | Noticed a two-headed ogre
 12505 | D:12     | Killed a two-headed ogre
 12505 | D:12     | Reached ****** piety under Okawaru
 12505 | D:12     | Reached skill level 10 in Fighting
 12623 | D:12     | Noticed a vampire knight
 12638 | D:12     | Killed a vampire knight
 13305 | D:12     | Noticed Erolcha
 13316 | D:12     | Killed Erolcha
 13396 | D:12     | Received a gift from Okawaru
 13517 | D:12     | Noticed Nergalle
 13526 | D:12     | Killed Nergalle
 14381 | D:13     | Noticed a five-headed hydra
 14511 | D:13     | Killed a nine-headed hydra
 14511 | D:13     | Reached skill level 15 in Long Blades
 14511 | D:13     | Reached XP level 13. HP: 97/116 MP: 5/13
 15996 | Lair:2   | Received a gift from Okawaru
 16003 | Lair:2   | Got a crystal hand axe {god gift}
 16004 | Lair:2   | Identified the +8 hand axe "Nattatso" {venom, Fragile rPois
                  | rN++ Str+2} (Okawaru gifted it to you on level 2 of the
                  | Lair of Beasts)
 16629 | Lair:2   | Found a staircase to the Shoals.
 16983 | Lair:3   | Found a dark tunnel.
 16988 | Volcano  | Entered a volcano
 17679 | Volcano  | Received a gift from Okawaru
 17779 | Volcano  | Got polished fire dragon scales
 17871 | Lair:3   | Reached skill level 1 in Stealth
 17900 | Lair:3   | Found a hole to the Spider Nest.
 18990 | Lair:4   | Identified the +5 fire dragon scales of the Invisible Hand
                  | {rF++ rC- Str+4} (You found it in a volcano)
 19424 | Lair:5   | Reached XP level 14. HP: 127/127 MP: 15/15
 19512 | Lair:5   | Reached skill level 15 in Shields
 19644 | Lair:5   | Found a runed translucent gate.
 19645 | Lair:5   | Found a runed translucent gate.
 19646 | Lair:5   | Found a runed translucent gate.
 19647 | Lair:5   | Noticed Cerr's ghost (journeyman FeWr)
 19648 | Lair:5   | Noticed Vig Uhad's ghost (journeyman OpTm)
 19675 | Lair:5   | Killed Vig Uhad's ghost
 19681 | Lair:5   | Killed Cerr's ghost
 19681 | Lair:5   | Received a gift from Okawaru
 20958 | Lair:5   | Identified Apheuhan's Grimoire of Poisonous Snow
 21293 | D:13     | Received a gift from Okawaru
 21845 | Lair:6   | Entered Level 6 of the Lair of Beasts
 22096 | Lair:6   | Got a slimy buckler
 22112 | Lair:6   | Identified the +2 buckler "Earthly Heaven" {*Slow +Blink
                  | rC+} (You found it on level 6 of the Lair of Beasts)
 22234 | Lair:6   | Found a staircase to the Slime Pits.
 22259 | Lair:6   | Received a gift from Okawaru
 22274 | Lair:6   | Reached skill level 5 in Dodging
 22874 | Lair:6   | Paralysed by a hornet for 2 turns
 22954 | Lair:6   | Received a gift from Okawaru
 23436 | Lair:6   | Reached XP level 15. HP: 121/136 MP: 16/16
 23478 | Lair:6   | Got a faintly humming cloak
 23489 | Lair:6   | Identified the cursed +0 cloak of Muttered Phrases {-Cast
                  | rN++ Int+3 Dex-2} (You found it on level 6 of the Lair of
                  | Beasts)
 23951 | Orc:1    | Entered Level 1 of the Orcish Mines
 24522 | Orc:2    | Entered Level 2 of the Orcish Mines
 24567 | Orc:2    | Noticed an orc warlord
 24690 | Orc:1    | Killed an orc warlord
 24921 | Orc:2    | Found a roughly hewn altar of Beogh.
 25036 | Orc:2    | Received a gift from Okawaru
 25093 | Orc:2    | Found Litz's Gadget Shoppe.
 25373 | Orc:2    | Found a staircase to the Elven Halls.
 25431 | Orc:2    | Found Putugg's Distillery.
 25550 | Orc:2    | HP: 6/138 [orc knight/+3 great mace (26)]
 26208 | Orc:2    | Gained mutation: Armour fits poorly on your strangely
                  | shaped body. [a neqoxec]
 26412 | Orc:2    | Found Cucvenot's Book Boutique.
 26418 | Orc:2    | Found Jiuren's Assorted Antiques.
 26418 | Orc:2    | Found Vismaa's Food Shoppe.
 26429 | Orc:2    | Bought a pair of fine gloves for 304 gold pieces
 26439 | Orc:2    | Identified the +0 pair of gloves of Light {rElec MR+ Str+7
                  | Int-3} (You bought it in a shop on level 2 of the Orcish
                  | Mines)
 26449 | Orc:2    | Bought a potion of heal wounds for 75 gold pieces
 26658 | Orc:1    | Found Tobavaem's Food Boutique.
 26662 | Orc:1    | Noticed an orc warlord
 26700 | Orc:2    | Killed an orc warlord
 27340 | D:13     | Noticed Nessos
 27352 | D:13     | Killed Nessos
 27352 | D:13     | Received a gift from Okawaru
 27356 | D:13     | Got an ancient double sword {god gift}
 27357 | D:13     | Identified the +7 double sword "Axoemp" {flame, *Rage
                  | *Noise Int+5 Dex+8} (Okawaru gifted it to you on level 13
                  | of the Dungeon)
 27515 | D:14     | Noticed Josephine
 27524 | D:14     | Killed Josephine
 27596 | D:14     | Received a gift from Okawaru
 27800 | D:14     | Found a gate to the Vaults.
 28251 | D:14     | Found Odghir's Distillery.
 28259 | D:14     | Bought a potion of heal wounds for 65 gold pieces
 28303 | D:14     | Found an iron altar of Okawaru.
 28441 | D:15     | Entered Level 15 of the Dungeon
 28496 | D:15     | Received a gift from Okawaru
 28757 | D:15     | Reached XP level 16. HP: 145/147 MP: 17/17
 28957 | D:15     | Reached skill level 15 in Fighting
 29055 | D:15     | Received a gift from Okawaru
 29061 | D:15     | Got a bloodstained triple sword {god gift}
 29344 | D:15     | Found a staircase to the Depths.
 29545 | Shoals:1 | Entered Level 1 of the Shoals
 29624 | Shoals:1 | Found a sparkling altar of Nemelex Xobeh.
 30463 | Shoals:2 | Received a gift from Okawaru
 30506 | Shoals:2 | Received a gift from Okawaru
 30910 | Shoals:2 | Noticed Polyphemus
 30920 | Shoals:2 | HP: 2/149 [Polyphemus/large rock (19)]
 30942 | Shoals:2 | Hit by a large rock thrown by Polyphemus

Skill      XL: |  1  2  3  4  5  6  7  8  9 10 11 12 13 14 15 16 |
---------------+-------------------------------------------------+-----
Fighting       | 4 5 6 7 8 9 11 12 13 14 15 | 15.5
Shields        | 4 5 6 8 9 11 12 13 14 16 17 18 | 18.6
Armour         | 4 5 6 7 8 9 10 11 12 13 | 13.9
Long Blades    | 3 4 5 6 8 10 11 13 15 16 17 18 | 18.5
Dodging        | 1 2 3 5 6 7 |  7.3
Invocations    | 1 2 3 |  3.5
Stealth        | 1 3 4 |  4.5
Evocations     | |  0.9

Action                   |  1- 3 |  4- 6 |  7- 9 | 10-12 | 13-15 | 16-18 || total
-------------------------+-------+-------+-------+-------+-------+-------++-------
Melee: Long sword        |    80 |   363 |   359 |   579 |       |       ||  1381
       Headbutt          |    10 |    71 |    96 |   198 |   427 |    71 ||   873
       Double sword      |       |       |       |   295 |  1407 |   222 ||  1924
       Scimitar          |       |       |       |       |    13 |       ||    13
Invok: Heroism           |       |       |     8 |    13 |    11 |       ||    32
       Finesse           |       |       |       |     1 |     3 |       ||     4
Evoke: Wand              |       |       |       |     5 |    10 |       ||    15
  Use: Scroll            |     1 |     1 |    14 |     2 |    16 |     5 ||    39
       Potion            |       |     1 |     1 |     1 |     7 |     2 ||    12
 Stab: Sleeping          |       |       |       |       |     8 |     1 ||     9
       Distracted        |       |       |       |       |     1 |       ||     1
  Eat: Chunk             |       |     9 |    14 |    21 |    30 |     6 ||    80
       Ration            |       |       |       |     1 |     4 |     1 ||     6
Armor: Scale mail        |    28 |       |       |       |       |       ||    28
       Chain mail        |    19 |   151 |    98 |       |       |       ||   268
       Plate armour      |       |       |    16 |   293 |   184 |       ||   493
       Fire dragon scale |       |       |       |       |   297 |    72 ||   369
       Skin              |       |       |       |       |    10 |       ||    10
       Acid dragon scale |       |       |       |       |     4 |       ||     4
Dodge: Dodged            |    25 |    48 |    68 |   193 |   523 |   145 ||  1002
Block: Shield            |    47 |   127 |   213 |   571 |  1022 |   215 ||  2195
       Rpst.: Long sword |     3 |     8 |    23 |    29 |       |       ||    63
       Double sword      |       |       |       |     7 |   111 |    17 ||   135
       Scimitar          |       |       |       |       |     1 |       ||     1
